 Dungeon Crawl Stone Soup version 0.22-a0-785-g6253c82ace (webtiles) character file.

42 Htamos the Ducker (level 3, -2/17 HPs)
             Began as a Felid Monk on July 20, 2018.
             Slain by a worm (10 damage)
             ... on level 1 of the Dungeon.
             The game lasted 00:01:34 (1560 turns).

Htamos the Ducker (Felid Monk)                      Turns: 1560, Time: 00:01:34

Health: -2/17      AC:  1    Str:  7    XL:     3   Next: 35%
Magic:  4/4        EV: 21    Int: 11    God:
Gold:   4          SH:  0    Dex: 19    Spells: 2/2 levels left
                                        Lives:  0   Deaths: 0

rFire    . . .     SeeInvis +     - Unarmed
rCold    . . .     Gourm    .   (shield unavailable)
rNeg     . . .     Faith    .   (armour unavailable)
rPois    .         Spirit   .   (helmet unavailable)
rElec    .         Reflect  .   (cloak unavailable)
rCorr    .         Harm     .   (gloves unavailable)
MR       .....                  (boots unavailable)
Stlth    +++.......             (no amulet)
HPRegen  0.05/turn              (no ring)
MPRegen  0.09/turn              (no ring)

@: quick
A: very small, no armour, no weapons or thrown items, stealth, claws 1, fangs 3,
see invisible, carnivore, speed 1, shaggy fur 1, slow metabolism 1, sharp paws
a: no special abilities


You were on level 1 of the Dungeon.
You were very full.

You visited 1 branch of the dungeon, and saw 2 of its levels.

You collected 4 gold pieces.

Inventory:

Jewellery
 c - an uncursed ring of protection from cold {unknown}
Scrolls
 b - a scroll of amnesia {unknown}
Comestibles
 a - 4 rations
 d - 3 chunks of flesh


   Skills:
 + Level 3.3 Fighting
 * Level 4.8 Dodging
 + Level 3.4 Stealth
 + Level 3.3 Unarmed Combat


You had 2 spell levels left.
You didn't know any spells.
Your spell library was empty.

Dungeon Overview and Level Annotations

Branches:
Dungeon (2/15)

Altars:

Annotations:
D:2 Sigmund


Innate Abilities, Weirdness & Mutations

You cannot wear armour.
You are incapable of wielding weapons or throwing items.
Your paws allow you to move quietly. (Stealth)
You have sharp claws.
You have razor-sharp teeth.
You have supernaturally acute eyesight. (SInv)
You are carnivorous and can eat meat at any time.
You cover ground quickly.
You are covered in fur. (AC +1)
You have a slow metabolism.
Your sharp claws are effective at attacking unaware monsters.


Message History

The worm bites you.
You completely miss the worm.
The worm is lightly wounded.
You scratch the worm.
The worm is moderately wounded.
The bat closely misses you. The worm bites you.
* * * LOW HITPOINT WARNING * * *
The bat misses you. The worm closely misses you.
You climb upwards.
There is a stone staircase leading down here.
You are too injured to fight recklessly!
You are too injured to fight recklessly!
You are too injured to fight recklessly!
You scratch the worm. You bite the worm, but do no damage.
The worm is moderately wounded.
You scratch the worm.
The worm is heavily wounded.
The worm bites you!
Ouch! That really hurt!
You die...

...####.###(.........#.#
...# #.# ##.(.......#.#
...# #.# #.....#####.# ...#
#.# ##.##(#####.# #### #.#
#........#.# #
#.######.......#.# #
#.....##.......#.# #
#.....##.......#.# #
#......'.w@......# #
#.....##.......###
#.....#####'#### #.....#
###..####
##....###(......###########
###.[....#(..##...........
#.##.#...##..###########
#......##....# #....#
##########....##...##.#
#.##.#


You could see a worm.

Vanquished Creatures
  A gnoll (D:1)
  A dart slug (D:1)
  2 leopard geckos (D:1)
  2 bats (D:1)
  A giant cockroach (D:1)
  7 goblins
  A hobgoblin (D:1)
  A quokka (D:1)
  A frilled lizard (D:1)
  6 kobolds (D:1)
  4 rats (D:1)
27 creatures vanquished.

Notes
Turn   | Place    | Note
-------+----------+-------------------------------------------
     0 | D:1      | Htamos the Felid Monk began the quest for the Orb.
     0 | D:1      | Reached XP level 1. HP: 10/10 MP: 2/2
   136 | D:1      | Reached XP level 2. HP: 14/14 MP: 3/3
   705 | D:1      | Reached XP level 3. HP: 9/17 MP: 4/4
  1222 | D:2      | Noticed Sigmund
  1560 | D:1      | Slain by a worm

Vault maps used:
D:1:      evilmike_arrival_rings, hangedman_decor_peaks_small
D:2:      minmay_misc_feat_plants, uniq_crazy_yiuf_cottage, uniq_sigmund

Skill      XL: |  1 |
---------------+----+-----
Stealth        | 3 |  3.4
Fighting       | |  3.3
Dodging        | |  4.8
Unarmed Combat | |  3.3

Action                   || total
-------------------------++-------
Melee: Unarmed           ||    78
       Bite              ||     6
       Punch             ||     3
 Stab: Sleeping          ||     4
  Eat: Chunk             ||     8
Dodge: Dodged            ||    63

Table legend:
 A = Spawn XP
 B = Non-spawn XP
 C = Spawn XP percentage of total XP
 D = Spawn monster count
 E = Non-spawn monster count
 F = Spawn count percentage of total count
 G = Total turns spent on level
                    A         B        C        D         E        F      G
               +---------+---------+-------+---------+---------+-------+---------
         Total |       0 |      61 |   0.0 |       0 |      27 |   0.0 |  1560
               +---------+---------+-------+---------+---------+-------+---------
           D:1 |       0 |      59 |   0.0 |       0 |      26 |   0.0 |  1518
           D:2 |       0 |       2 |   0.0 |       0 |       1 |   0.0 |    42
               +---------+---------+-------+---------+---------+-------+---------
